 Dungeon Crawl Stone Soup version 0.29.1-15-g9cfb28693d (webtiles) character file.

Game seed: 8157896280090622449

10448 leetdood the Cleaver (level 11, -7/99 HPs)
             Began as a Minotaur Fighter on Mar 11, 2023.
             Was a High Priest of Okawaru.
             Mangled by a cane toad (9 damage)
             ... on level 1 of the Lair of Beasts.
             The game lasted 00:34:42 (8863 turns).

leetdood the Cleaver (Minotaur Fighter)             Turns: 8863, Time: 00:34:43

Health: -7/99      AC: 17    Str: 24    XL:     11   Next: 36%
Magic:  7/13       EV:  9    Int:  5    God:    Okawaru [*****.]
Gold:   467        SH: 14    Dex: 17    Spells: 10/10 levels left

rFire   . . .      SeeInvis .   c - +1 broad axe (flame)
rCold   + . .      Faith    +   D - +0 kite shield
rNeg    . . .      Spirit   .   r - +1 plate armour
rPois   .          Reflect  .   (helmet restricted)
rElec   .          Harm     .   (no cloak)
rCorr   .          Rampage  .   (no gloves)
Will    .....                   (no boots)
Stlth   ..........              u - amulet of faith
HPRegen 0.26/turn               w - ring of protection from cold
MPRegen 0.13/turn               b - +6 ring of dexterity

@: lethally poisoned (-7 -> -20), heroic
A: horns 2, retaliatory headbutt
a: Renounce Religion, Heroism, Finesse, Duel


You were on level 1 of the Lair of Beasts.
You worshipped Okawaru.
Okawaru was extremely pleased with you.
You visited 3 branches of the dungeon, and saw 11 of its levels.
You also visited: Ice Cave.

You collected 467 gold pieces.

Inventory:

Hand Weapons
 a - a +0 war axe of venom
 c - a +1 broad axe of flaming (weapon)
 t - a +2 hand axe of freezing
Armour
 p - a +2 scale mail of fire resistance
 r - a +1 plate armour (worn)
 D - a +0 kite shield (worn)
Jewellery
 b - a +6 ring of dexterity (right hand)
 e - a ring of protection from fire
 u - an amulet of faith (around neck)
 w - a ring of protection from cold (left hand)
Wands
 j - a wand of paralysis (12)
 s - a wand of roots (7)
 y - a wand of flame (4)
 H - a wand of polymorph (10)
Scrolls
 d - 2 scrolls of teleportation
 h - 3 scrolls of immolation
 i - 2 scrolls of butterflies
 k - 2 scrolls of magic mapping
 m - 3 scrolls of enchant weapon
 n - a scroll of brand weapon
 o - a scroll of enchant armour
 x - a scroll of poison {unknown}
 G - a scroll of identify
 I - a scroll of noise {unknown}
 J - a scroll of acquirement {unknown}
Potions
 f - 4 potions of resistance
 g - 2 potions of might
 l - 4 potions of haste
 q - 2 potions of lignification
 v - a potion of attraction
 z - 2 potions of curing
 A - a potion of cancellation {unknown}
 B - a potion of berserk rage {unknown}
 C - 2 potions of heal wounds
 E - a potion of ambrosia {unknown}
 F - a potion of brilliance {unknown}


   Skills:
 + Level 10.1(15.1) Fighting
 * Level 13.1(18.1) Axes
 + Level 10.0(15.0) Armour
 + Level 10.0(15.0) Shields
 + Level 4.9 Invocations


You had 10 spell levels left.
You didn't know any spells.
Your spell library contained the following spells:

 Spells                   Type           Power      Damage    Failure   Level
 Sandblast                Erth           0%         2d4       100%        1
 Passwall                 Tmut/Erth      0%         N/A       100%        2
 Sublimation of Blood     Necr           0%         N/A       100%        2
 Wereblood                Tmut           0%         N/A       100%        2
 Ignite Poison            Fire/Tmut/Pois 0%         N/A       100%        3
 Mephitic Cloud           Conj/Pois/Air  0%         N/A       100%        3
 Stone Arrow              Conj/Erth      0%         3d7       100%        3
 Fulminant Prism          Conj/Hex       0%         3d6       100%        4
 Iskenderun's Mystic Bla  Conj/Tloc      0%         2d3       100%        4
 Freezing Cloud           Conj/Ice/Air   0%         6-21      100%        5
 Lee's Rapid Deconstruct  Erth           0%         3d5*      100%        5
 Summon Hydra             Summ           Unusable   N/A       N/A         7

Dungeon Overview and Level Annotations

Branches:
Dungeon (9/15)             Temple (1/1) D:6            Lair (1/5) D:8
  IceCv (visited)
    Orc: D:9-12

Altars:
Ashenzari
Cheibriados
Dithmenos
Elyvilon
Gozag
Makhleb
Nemelex Xobeh
Okawaru
Qazlal
Ru
Sif Muna
Trog
Uskayaw
Wu Jian
Xom
Yredelemnul
Zin
The Shining One

Shops:
D:6 :

Annotations:
D:6 2 runed translucent doors, leafyfresh's ghost, novice OpDe


Innate Abilities, Weirdness & Mutations

You have a pair of horns on your head.
You reflexively headbutt those who attack you in melee.


Message History

c - a +1 broad axe of flaming (weapon)
You feel sick.
You drop a +0 battleaxe.
You feel sick.
You start resting.
You feel sick. x3
You are no longer poisoned.
You start resting.
A cane toad comes into view.
The cane toad gives a loud, deep croak!
Your hands slow down.
You block the cane toad's attack.
You are too injured to fight recklessly!
You are too injured to fight recklessly!
You hit the cane toad but do no damage. Your headbutt misses the cane toad.
You feel like a meek peon again. You block the cane toad's attack.
You hit the cane toad. You burn the cane toad. You headbutt the cane toad!
The cane toad is moderately wounded.
The cane toad stings you but does no damage.
You barely miss the cane toad.
The cane toad is moderately wounded.
The cane toad stings you!
* * * LOW HITPOINT WARNING * * *
You gain the combat prowess of a mighty hero.
The cane toad stings you!
* * * LOW HITPOINT WARNING * * *
You closely miss the cane toad.
The cane toad is moderately wounded.
You block the cane toad's attack.
You hit the cane toad but do no damage.
The cane toad is moderately wounded.
The cane toad stings you.
* * * LOW HITPOINT WARNING * * *
You are lethally poisoned!
The cane toad poisons you!
You barely miss the cane toad.
The cane toad is moderately wounded.
* * * LOW HITPOINT WARNING * * *
You feel very sick. The cane toad stings you!
You die...

## ......................
... ......................
....###.##.#P..............
#..#...####..#PP##########
##....>.# #..#### #
........## ##.# #
.....#†..####.# # ...
#.........# # # #.....@...#
## #[.##F##..# #.
#......#..# ## #..P...#.^#
# #.......... #
........+..## #P#######
#....#...#...............
.....#####...............
..... .......#####.#


You could see a cane toad.

Vanquished Creatures
  Erica (D:8)
  3 death yaks (D:8)
  Pikel (D:6)
  An ugly thing (IceCv)
  4 elephants (Lair:1)
  Joseph (D:7)
  3 cane toads (Lair:1)
  Maggie (D:7)
  A rime drake (Lair:1)
  A komodo dragon (Lair:1)
  Grinder (D:6)
  Sigmund (D:2)
  Edmund (D:6)
  Duvessa (D:7)
  2 ice beasts (D:6)
  2 black bears
  3 sky beasts
  4 wolves (Lair:1)
  A centaur (D:8)
  4 lemures
  2 phantoms (D:6)
  5 bullfrogs
  3 kobold brigands (D:8)
  5 scorpions
  A necrophage (D:4)
  3 gnoll sergeants
  A cane toad simulacrum (IceCv)
  Dowan (D:7)
  4 killer bees (D:8)
  4 howler monkeys (D:8)
  3 hounds
  5 orc priests
  Terence (D:2)
  An iguana (D:6)
  3 orc wizards
  3 hell rats (D:8)
  A polar bear simulacrum (IceCv)
  3 wolf simulacra (IceCv)
  5 adders
  14 gnolls
  A river rat (D:8)
  A shadow imp (D:5)
  3 white imps
  An ufetubus (D:6)
  4 worms
  3 dart slugs
  15 orcs
  7 ball pythons
  5 endoplasms
  3 giant cockroaches
  6 hobgoblins
  2 jackals (D:1)
  9 quokkas
  2 bats
  4 frilled lizards
  12 goblins
  16 kobolds
  7 rats
206 creatures vanquished.

Vanquished Creatures (others)
  2 fungi (Lair:1)
  A plant (Lair:1)
3 creatures vanquished.

Grand Total: 209 creatures vanquished

Notes
Turn   | Place    | Note
-------+----------+-------------------------------------------
     0 | D:1      | leetdood the Minotaur Fighter began the quest for the Orb.
     0 | D:1      | Reached XP level 1. HP: 19/19 MP: 0/0
   152 | D:1      | Reached XP level 2. HP: 23/27 MP: 1/1
   690 | D:2      | Reached skill level 3 in Axes
   692 | D:2      | Found a faded altar of an unknown god.
   697 | D:2      | Reached XP level 3. HP: 33/33 MP: 2/2
   796 | D:2      | Noticed Terence
   811 | D:2      | Killed Terence
   812 | D:2      | Reached XP level 4. HP: 21/40 MP: 3/3
  1080 | D:2      | Noticed Sigmund
  1097 | D:2      | Killed Sigmund
  1098 | D:2      | Reached skill level 4 in Axes
  1098 | D:2      | Reached XP level 5. HP: 34/47 MP: 4/4
  1389 | D:2      | You fall into a shaft and drop 2 floors!
  1471 | D:4      | Reached skill level 5 in Fighting
  1471 | D:4      | Reached skill level 5 in Axes
  1471 | D:4      | Reached skill level 5 in Armour
  1471 | D:4      | Reached skill level 5 in Shields
  1471 | D:4      | Reached XP level 6. HP: 42/56 MP: 5/5
  2220 | D:3      | Found a bloodstained altar of Trog.
  2271 | D:3      | Found a shadowy altar of Dithmenos.
  2600 | D:4      | Found a glowing golden altar of the Shining One.
  2602 | D:4      | Found a sacrificial altar of Ru.
  2603 | D:4      | Found a white marble altar of Elyvilon.
  2839 | D:5      | Entered Level 5 of the Dungeon
  2918 | D:5      | Found a stormy altar of Qazlal.
  3152 | D:5      | Reached skill level 6 in Axes
  3152 | D:5      | Reached XP level 7. HP: 58/61 MP: 6/6
  3663 | D:6      | Noticed Grinder
  3715 | D:6      | Noticed Edmund
  3731 | D:6      | Killed Edmund
  3882 | D:6      | Killed Grinder
  3883 | D:6      | Reached skill level 7 in Axes
  3883 | D:6      | Reached XP level 8. HP: 63/70 MP: 7/7
  3937 | D:6      | Noticed Pikel
  4138 | D:6      | Killed Pikel
  4139 | D:6      | Reached skill level 8 in Axes
  4399 | D:6      | Found a large runed translucent door.
  4400 | D:6      | Found a large runed translucent door.
  4404 | D:6      | Noticed leafyfresh's ghost (novice OpDe)
  4440 | D:6      | Found Jipn's Book Shop.
  4477 | D:6      | Found a sparkling altar of Nemelex Xobeh.
  4500 | D:6      | Found a burning altar of Makhleb.
  4615 | D:6      | Reached skill level 9 in Axes
  5073 | D:6      | Reached XP level 9. HP: 79/79 MP: 8/8
  5104 | D:6      | Found a staircase to the Ecumenical Temple.
  5114 | Temple   | Entered the Ecumenical Temple
  5153 | Temple   | Became a worshipper of Warmaster Okawaru
  5246 | D:7      | Noticed Maggie
  5553 | D:7      | Killed Maggie
  5729 | D:7      | Reached skill level 10 in Axes
  5735 | D:7      | Reached * piety under Okawaru
  5846 | D:7      | Noticed Dowan
  5847 | D:7      | Noticed Duvessa
  5853 | D:7      | Killed Dowan
  5858 | D:7      | Killed Duvessa
  6066 | D:7      | Noticed Joseph
  6077 | D:7      | Killed Joseph
  6078 | D:7      | Reached skill level 1 in Invocations
  6302 | D:7      | Reached ** piety under Okawaru
  6577 | D:8      | Noticed a death yak
  6721 | D:8      | Killed a death yak
  6722 | D:8      | Reached skill level 11 in Axes
  6722 | D:8      | Reached XP level 10. HP: 71/90 MP: 7/10
  6811 | D:8      | Reached *** piety under Okawaru
  6912 | D:8      | Found a hide-covered altar of Uskayaw.
  7702 | D:8      | Noticed Erica
  7706 | D:8      | Noticed a death yak
  7708 | D:8      | Noticed a death yak
  7722 | D:8      | Killed Erica
  7735 | D:8      | Killed a death yak
  7735 | D:8      | Reached **** piety under Okawaru
  7746 | D:8      | Killed a death yak
  7746 | D:8      | Reached ***** piety under Okawaru
  7747 | D:8      | Reached skill level 12 in Axes
  7885 | D:8      | Found a staircase to the Lair.
  8080 | Lair:1   | Entered Level 1 of the Lair of Beasts
  8133 | Lair:1   | Found a frozen archway.
  8141 | IceCv    | Entered an ice cave
  8341 | IceCv    | Noticed a white ugly thing
  8342 | IceCv    | Noticed an ice statue
  8349 | IceCv    | Killed a white ugly thing
  8474 | Lair:1   | Noticed a cane toad
  8481 | Lair:1   | Killed a cane toad
  8482 | Lair:1   | Reached XP level 11. HP: 96/99 MP: 10/13
  8806 | Lair:1   | Reached skill level 10 in Fighting
  8806 | Lair:1   | Reached skill level 10 in Shields
  8832 | Lair:1   | Reached skill level 13 in Axes
  8834 | Lair:1   | Received a gift from Okawaru
  8835 | Lair:1   | Reached skill level 10 in Armour
  8862 | Lair:1   | HP: 4/99 [cane toad (1)]
  8863 | Lair:1   | Mangled by a cane toad

Illustrated notes

Levels and vault maps discovered:
D:1:      dpeg_arrival_simpleton_a, layout_rooms
D:2:      layout_rooms, ebering_ecumenical_altar_box, uniq_sigmund, uniq_terence
D:3:      layout_rooms, mainiacjoe_overflow_small_starburst,
          nicolae_dithmenos_through_a_glass_darkly
D:4:      layout_loops_ring, gammafunk_temple_overflow_forgotten,
          hangedman_abyss_or_decor_lesser_grid
D:5:      layout_cave_pods, mainiacjoe_overflow_concentric_impassable
D:6:      layout_rooms, mainiacjoe_overflow_catwalk_spiral,
          minmay_temple_entry_drinking_statues, ebering_ghost_disaster_area,
          serial_shops, shop, uniq_grinder, uniq_edmund, uniq_pikel
D:7:      layout_rooms, uniq_joseph, uniq_maggie, uniq_duvessa
D:8:      layout_basic, eat_drink_and_be_merry_uskayaw, dpeg_lair_monsters,
          uniq_erica
D:9:      layout_basic, mainiacjoe_overflow_boulevard, david_orc_4,
          grunt_ministairs_9, uniq_erolcha
Temple:   cyrus_temple_forest
Lair:1:   layout_chaotic_city, portal_ice_cave_entry_pillars_2,
          grunt_megastairs_4

Skill      XL: |  1  2  3  4  5  6  7  8  9 10 11 |
---------------+----------------------------------+-----
Fighting       | 4 5 6 7 8 9 10 | 10.1
Armour         | 4 5 6 7 8 9 10 | 10.0
Shields        | 4 5 6 7 8 9 10 | 10.0
Axes           | 3 4 5 6 7 9 11 12 13 | 13.1
Invocations    | 2 4 |  4.9

Action                   |  1- 3 |  4- 6 |  7- 9 | 10-12 || total
-------------------------+-------+-------+-------+-------++-------
Melee: War axe           |    67 |   110 |   211 |   161 ||   549
       Headbutt          |     8 |    14 |    46 |    38 ||   106
       Broad axe         |       |       |       |     6 ||     6
Throw: Dart              |       |       |       |     1 ||     1
Invok: Heroism           |       |       |     1 |     8 ||     9
       Finesse           |       |       |       |     1 ||     1
Evoke: Wand              |       |       |       |     1 ||     1
  Use: Potion            |     1 |     1 |     2 |       ||     4
       Scroll            |       |       |    13 |       ||    13
Armor: Scale mail        |    21 |    23 |       |       ||    44
       Plate armour      |       |    17 |   147 |    69 ||   233
       Skin              |       |       |       |     9 ||     9
Dodge: Dodged            |    30 |    30 |    75 |    36 ||   171
Block: Buckler           |    17 |    19 |    70 |    41 ||   147
       Kite shield       |       |       |       |    13 ||    13
